AoeStats
← DKing

Arena

509449966Analyzed
4v4 RM · 5d ago on Sep 26, 2026· 80m 57s· 8 players
Game mode
Random Map
Map size
Large (8 player)
Population
200
Speed
Normal
Resources
Standard
Victory
Conquest
Starting age
Dark Age
Ending age
Imperial Age
RankedLock teamsTeams togetherTeam positionsShared explorationLock speedFull tech treeHidden civsTurbo modeCheats
Victory
Defeat
🇨🇱 Cumans · Chile
1363
+12
🇨🇳 Portuguese · China
1333
+13
🇧🇷 Britons · Brazil
1302
+15
🇫🇷 Italians · France
1258
+17
🇹🇷 Tupi · Türkiye
1357
-18
🇹🇷 Persians · Türkiye
1261
-14
🇹🇷 Poles · Türkiye
1257
-13
🇵🇹 Goths · Portugal
1231
-12
dionathanbh
10:14 Feudal Age
14:58 Castle Age
13:21 Loom
17:28 Wheelbarrow
19:28 Double-Bit Axe
21:23 Bow Saw
21:02 Horse Collar
22:33 Gold Mining
23:37 Stone Mining
24:34 Fletching
26:13 Heavy Plow
25:37 Crossbowman
29:07 Gold Shaft Mining
31:23 Imperial Age
29:58 Bodkin Arrow
30:25 Ballistics
30:33 Padded Archer Armor
30:55 Fortified Wall
31:47 Leather Archer Armor
31:56 Yeomen
32:32 Bracer
33:02 Ring Archer Armor
33:35 Chemistry
32:09 Arbalester
33:44 Conscription
40:26 Elite Skirmisher
42:17 Light Cavalry
42:58 Husbandry
43:13 Forging
43:08 Scale Barding Armor
47:46 Chain Barding Armor
48:01 Iron Casting
61:52 Plate Barding Armor
62:18 Blast Furnace
XXXXXXXXXIA
11:22 Feudal Age
16:01 Castle Age
14:34 Double-Bit Axe
14:42 Horse Collar
17:00 Gold Mining
17:25 Bow Saw
17:19 Stone Mining
17:37 Heavy Plow
18:39 Loom
19:29 Wheelbarrow
23:01 Hand Cart
31:39 Imperial Age
29:59 Ballistics
32:41 Conscription
33:58 Chemistry
34:53 Fletching
35:04 Padded Archer Armor
35:55 Crop Rotation
36:28 Two-Man Saw
35:33 Elite Organ Gun
35:45 Pikeman
37:09 Scale Mail Armor
37:19 Forging
38:47 Arson
39:38 Chain Mail Armor
39:58 Iron Casting
40:47 Siege Engineers
40:53 Masonry
42:00 Plate Mail Armor
42:06 Iron Casting
41:45 Halberdier
42:28 Gambesons
45:33 Blast Furnace
44:56 Arquebus
46:54 Leather Archer Armor
47:40 Fortified Wall
48:02 Architecture
48:09 Murder Holes
56:25 Ring Archer Armor
55:51 Bodkin Arrow
56:02 Scale Barding Armor
63:13 Guilds
63:34 Coinage
67:07 Bracer
67:28 Chain Barding Armor
69:53 Banking
olDirty
5:36 Loom
6:09 Loom
11:12 Feudal Age
15:18 Castle Age
13:42 Double-Bit Axe
16:38 Horse Collar
18:58 Wheelbarrow
21:12 Heavy Plow
22:33 Bow Saw
23:48 Gold Mining
24:58 Hand Cart
28:49 Imperial Age
26:42 Stone Mining
26:55 Town Watch
27:54 Padded Archer Armor
27:45 Fletching
29:21 Leather Archer Armor
29:02 Bodkin Arrow
29:49 Ballistics
30:56 Chemistry
30:53 Conscription
30:52 Bracer
31:02 Thumb Ring
32:08 Ring Archer Armor
32:17 Husbandry
32:27 Bloodlines
31:38 Light Cavalry
36:46 Scale Barding Armor
36:51 Forging
49:21 Hussar
51:30 Chain Barding Armor
51:45 Iron Casting
53:50 Town Patrol
54:59 Plate Barding Armor
55:00 Iron Casting
55:48 Squires
55:33 Arson
57:18 Two-Man Saw
57:07 Scale Mail Armor
58:08 Blast Furnace
58:22 Chain Mail Armor
65:55 Guilds
69:03 Caravan
69:34 Silk Road
68:49 Elite Genoese Crossbowman
Thanos 2022
8:46 Feudal Age
9:30 Double-Bit Axe
9:27 Horse Collar
20:08 Castle Age
19:11 Wheelbarrow
18:44 Gold Mining
19:16 Forging
20:16 Scale Barding Armor
20:36 Bloodlines
21:38 Iron Casting
21:41 Bow Saw
21:53 Heavy Plow
23:58 Chain Barding Armor
26:57 Loom
31:50 Imperial Age
33:59 Blast Furnace
33:52 Plate Barding Armor
33:33 Hand Cart
33:11 Elite Steppe Lancer
36:04 Fletching
36:11 Cavalier
38:12 Paladin
40:12 Conscription
39:53 Steppe Husbandry
43:05 Bodkin Arrow
44:12 Chemistry
51:02 Light Cavalry
53:07 Hussar
55:17 Caravan
55:27 Padded Archer Armor
57:57 Murder Holes
58:22 Ballistics
60:52 Two-Man Saw
60:24 Crop Rotation
60:21 Scale Mail Armor
59:44 Pikeman
60:24 Squires
60:46 Arson
61:39 Masonry
65:38 Chain Mail Armor
68:13 Plate Mail Armor
75:37 Man-at-Arms
79:23 Long Swordsman
KASIRGA
11:50 Feudal Age
15:59 Castle Age
14:11 Double-Bit Axe
14:07 Horse Collar
17:59 Bow Saw
18:25 Heavy Plow
21:09 Wheelbarrow
23:26 Gold Mining
23:46 Loom
28:34 Imperial Age
26:23 Hand Cart
27:05 Szlachta Privileges
27:11 Scale Barding Armor
27:17 Forging
28:08 Husbandry
28:19 Bloodlines
29:18 Chain Barding Armor
29:34 Iron Casting
28:53 Cavalier
30:38 Crop Rotation
32:47 Blast Furnace
31:38 Fletching
42:57 Fletching
45:10 Light Cavalry
49:02 Lechitic Legacy
49:03 Conscription
49:43 Winged Hussar
Regard
11:39 Feudal Age
16:05 Castle Age
14:16 Double-Bit Axe
14:19 Horse Collar
17:01 Bow Saw
18:30 Loom
19:29 Heavy Plow
20:37 Fervor
23:28 Wheelbarrow
23:48 Gold Mining
24:37 Stone Mining
25:24 Gold Shaft Mining
26:24 Stone Shaft Mining
27:54 Husbandry
28:04 Bloodlines
31:47 Imperial Age
29:44 Scale Barding Armor
30:49 Forging
31:03 Chain Barding Armor
31:31 Cavalier
32:35 Conscription
33:01 Plate Barding Armor
32:30 Scale Mail Armor
33:08 Iron Casting
33:23 Hand Cart
32:53 Town Watch
40:59 Crop Rotation
41:17 Masonry
43:54 Blast Furnace
43:56 Two-Man Saw
45:18 Fletching
46:00 Architecture
45:27 Murder Holes
46:36 Bodkin Arrow
47:04 Ballistics
49:03 Chemistry
48:41 Hoardings
51:18 Citadels
51:14 Kamandaran
52:53 Crossbowman
53:46 Thumb Ring
53:48 Padded Archer Armor
53:59 Scale Mail Armor
54:51 Leather Archer Armor
54:29 Pikeman
55:29 Chain Mail Armor
56:55 Ring Archer Armor
56:57 Plate Mail Armor
57:44 Squires
57:30 Arson
57:48 Halberdier
DarkPaladin
10:58 Feudal Age
16:23 Castle Age
15:49 Double-Bit Axe
15:47 Horse Collar
19:10 Wheelbarrow
21:14 Loom
23:13 Bow Saw
23:07 Heavy Plow
25:41 Gold Mining
29:41 Imperial Age
27:46 Hand Cart
27:39 Fletching
27:56 Padded Archer Armor
28:55 Ballistics
29:13 Bodkin Arrow
30:05 Leather Archer Armor
30:48 Curare
30:06 Elite Blackwood Archer
31:28 Bracer
31:58 Ring Archer Armor
32:07 Ring Archer Armor
32:25 Conscription
33:22 Curare
34:28 Hoardings
35:06 Chemistry
50:55 Elite Ibirapema Warrior
51:36 Squires
51:21 Arson
51:49 Forging
51:40 Scale Mail Armor
51:58 Pikeman
53:47 Iron Casting
53:28 Chain Mail Armor
54:08 Halberdier
61:52 Elite Skirmisher
62:32 Loom
DKing
10:41 Feudal Age
12:11 Loom
14:43 Castle Age
12:56 Double-Bit Axe
12:53 Horse Collar
15:53 Bow Saw
16:55 Heavy Plow
22:31 Town Watch
23:31 Pikeman
24:22 Squires
25:14 Fletching
27:13 Wheelbarrow
28:35 Scale Mail Armor
31:19 Hand Cart
34:21 Forging
35:26 Chain Mail Armor
37:08 Iron Casting
40:12 Imperial Age
45:27 Gold Mining
48:07 Two-Man Saw
48:47 Crop Rotation
52:51 Caravan
68:40 Light Cavalry
69:31 Bloodlines
69:22 Husbandry
71:33 Scale Barding Armor
74:55 Iron Casting
74:01 Halberdier
75:17 Hussar
76:33 Iron Casting
77:11 Capped Ram
77:28 Man-at-Arms
79:15 Perfusion
79:36 Conscription
Connection lost

Rejoining the realm…

Still unreachable

The connection could not be restored.

Session expired

The server has moved on; the page needs a fresh start.